Sasquatch vs Little Stars

Created - December 4, 2017 at 19:12

Goals
1 2 3 T
Sasquatch 2 1 1 4
Little Stars 1 0 0 1
Shots
1 2 3 T
Sasquatch 14 4 18 36
Little Stars 13 4 5 22

1st period

1. Sasquatch , Drew Shore 17 (Filip Forsberg 20, Slava Voynov 5) at 6:28
2. Little Stars , Alex Chiasson 18 (Shawn Matthias 19) at 7:27
3. Sasquatch , Jason Zucker 11 (Garnet Hathaway 5, Stephane Da Costa 16) at 17:22

Penalties :
Jason Akeson (Gat) for Close Hand On Puck (Minor) at 17:33

2nd period

4. Sasquatch , Jason Zucker 12 (Stephane Da Costa 17, Garnet Hathaway 6) at 0:35

Penalties :
Alex Chiasson (Tex) for Interference (Minor) at 0:42, Garnet Hathaway (Gat) for Interference (Minor) at 5:23, Alexander Vasyunov (Tex) for High sticking (Minor) at 9:34, Sergey Kalinin (Gat) for Hooking (Minor) at 12:01, Yannick Weber (Tex) for Checking from behind (Minor) at 15:29

3rd period

5. Sasquatch , Nick Leddy 4 (Filip Forsberg 21, Drew Shore 21) at 12:18 (PP)

Penalties :
Yann Sauvé (Gat) for High sticking (Minor) at 3:51, Jason Zucker (Gat) for Roughing (Minor) at 6:43, Alex Chiasson (Tex) for Holding (Minor) at 12:09, Alex Chiasson (Tex) for Hooking (Minor) at 14:09

Goalie Stats

Corey Crawford (Gat), 21 saves from 22 shots - (0.955), W, 11-7-1, 60:00 minutes
Jhonas Enroth (Tex), 32 saves from 36 shots - (0.889), L, 14-5-1, 60:00 minutes

Players Stats for Sasquatch

Player Name              G  A  P  +/- PIM S  H  SB GA TA FO     MP     PP MP  PK MP  
------------------------------------------------------------------------------------
Brock Trotter            0  0  0   0  0   2  2  0  0  0  0/0    11:38   0:09   1:52 
Danny DeKeiser           0  0  0   2  0   1  1  2  0  0  0/0    19:23   0:00   4:08 
Drew Shore               1  1  2   1  0   6  3  0  0  0  16/38  23:00   4:29   5:11 
Filip Forsberg           0  2  2   1  0   2  1  0  0  0  1/1    17:49   4:29   0:00 
Garnet Hathaway          0  2  2   1  2   0  3  1  0  0  0/0    15:41   0:00   4:06 
Jason Akeson             0  0  0   1  2   5  1  0  0  0  0/4    17:48   4:29   0:00 
Jason Zucker             2  0  2   1  2   3  2  0  0  0  0/1    15:41   3:17   0:17 
Jonathan Blum            0  0  0   2  0   3  1  0  0  0  0/0    21:03   3:06   4:28 
Nick Leddy               1  0  1   0  0   5  0  1  2  1  0/0    26:54   4:59   5:32 
Petr Straka              0  0  0   0  0   2  3  0  0  0  1/1    12:22   3:27   0:00 
Rickard Rakell           0  0  0   0  0   1  2  0  2  0  0/3    12:35   0:19   2:17 
Sergey Kalinin           0  0  0   0  2   0  1  0  0  0  1/2     9:29   0:00   2:01 
Slava Voynov             0  1  1   0  0   0  0  0  0  0  0/0    12:02   0:00   1:45 
Stephane Da Costa        0  2  2   1  0   2  2  0  2  1  6/11   14:58   3:27   0:17 
Teemu Hartikainen        0  0  0   0  0   2  1  0  0  0  1/1    11:16   0:00   3:49 
Ty Wishart               0  0  0   0  0   1  1  0  1  0  0/0    12:56   3:06   0:00 
Tyler Randell            0  0  0   0  0   0  1  0  0  0  0/0     7:35   0:09   0:00 
Yann Sauvé               0  0  0   0  2   1  3  1  1  1  0/0    27:50   4:59   3:57 

Players Stats for Little Stars

Player Name              G  A  P  +/- PIM S  H  SB GA TA FO     MP     PP MP  PK MP  
------------------------------------------------------------------------------------
Alex Chiasson            1  0  1   1  6   3  2  0  1  0  3/4    21:21   5:17   2:14 
Alexander Vasyunov       0  0  0  -1  2   1  0  0  0  0  0/0    11:50   0:02   1:30 
Andrej Sustr             0  0  0   1  0   1  2  0  0  2  0/0    22:51   4:43   3:13 
Dana Tyrell              0  0  0   1  0   3  2  1  0  1  16/23  20:07   5:17   1:28 
Daniel Catenacci         0  0  0   0  0   0  1  0  0  0  2/3     8:17   0:00   0:00 
Daniel O'regan           0  0  0  -1  0   0  0  0  0  0  2/6    11:22   0:00   2:00 
Jesper Fast              0  0  0  -2  0   1  0  1  0  1  0/0    14:43   4:36   0:00 
Jesse Joensuu            0  0  0  -2  0   1  1  0  1  1  1/3    16:41   4:36   1:36 
Mathieu Perreault        0  0  0  -2  0   1  1  1  0  0  9/14   14:43   4:36   0:00 
Nail Yakupov             0  0  0  -1  0   1  2  0  0  1  0/0     9:45   0:02   0:00 
Niklas Hjalmarsson       0  0  0  -2  0   0  2  0  0  2  0/0    28:08   5:12   4:52 
Phil Oreskovic           0  0  0  -2  0   3  1  0  0  0  0/0    28:08   5:12   4:52 
Robert Klinkhammer       0  0  0   0  0   3  0  0  1  0  3/7    11:11   0:00   2:32 
Scott Kosmachuck         0  0  0   0  0   0  0  0  0  0  0/0     8:40   0:02   0:00 
Shawn Matthias           0  1  1   1  0   1  1  1  0  0  0/2    23:11   5:17   4:50 
Tyler Wotherspoon        0  0  0  -1  0   0  0  1  0  0  0/0    10:15   0:00   0:54 
Tyson Barrie             0  0  0  -1  0   0  1  1  0  0  0/0     9:01   0:00   0:00 
Yannick Weber            0  0  0   1  2   3  2  0  0  0  0/0    21:36   4:43   2:19 

3 Stars

1 - Drew Shore (Gat)
2 - Jason Zucker (Gat)
3 - Stephane Da Costa (Gat)

Power Play

Sasquatch - 1 on 5 Attempt(s) - 20.00%
Little Stars - 0 on 5 Attempt(s) - 0.00%

Penalty Kill

Sasquatch - 5 on 5 Attempt(s) - 100.00% - Score 0 goal in Penalty Kill
Little Stars - 4 on 5 Attempt(s) - 80.00% - Score 0 goal in Penalty Kill

Team Stat

Sasquatch - Hits : 28 - Faceoff Wins : 26 - Blocked Shots : 5 - Penalty Minutes : 10
Little Stars - Hits : 18 - Faceoff Wins : 36 - Blocked Shots : 6 - Penalty Minutes : 10

Official

Referees : Auger Stephane and McCreary Bill
Linesman : Steve Barton and Brad Kovachik

Game Notes

No Game Note

Finance

Level 1 -- Attendance: 1433 (71.65%) -- Ticket Income $50,155
Level 2 -- Attendance: 790 (79.00%) -- Ticket Income $15,800
Total Attendance: 2223 (74.10%)
Total Ticket Income: $65,955
Other Income: $3,298
Total Income: $69,253

Sasquatch

5 vs 5 Forward 
   Center                   Left Wing                Right Wing               Time % Phy DF OF 
 1 Drew Shore               Filip Forsberg           Jason Akeson             40     1   2  2  
 2 Stephane Da Costa        Jason Zucker             Garnet Hathaway          30     1   2  2  
 3 Rickard Rakell           Brock Trotter            Petr Straka              20     1   2  2  
 4 Sergey Kalinin           Teemu Hartikainen        Tyler Randell            10     1   2  2  

5 vs 5 Defense 
   Defense                  Defense                                           Time % Phy DF OF 
 1 Yann Sauvé               Nick Leddy                                        40     1   2  2  
 2 Danny DeKeiser           Jonathan Blum                                     30     1   2  2  
 3 Ty Wishart               Slava Voynov                                      20     1   2  2  
 4 Yann Sauvé               Danny DeKeiser                                    10     1   2  2  

PowerPlay Forward 
   Center                   Left Wing                Right Wing               Time % Phy DF OF 
 1 Drew Shore               Filip Forsberg           Jason Akeson             60     1   2  2  
 2 Stephane Da Costa        Jason Zucker             Petr Straka              40     1   2  2  

PowerPlay Defense
   Defense                  Defense                                           Time % Phy DF OF 
 1 Yann Sauvé               Nick Leddy                                        60     1   2  2  
 2 Ty Wishart               Jonathan Blum                                     40     1   2  2  

Penalty Kill 4 Players Forward 
   Center                   Wing                     Time % Phy DF OF 
 1 Drew Shore               Garnet Hathaway          60     1   2  2  
 2 Sergey Kalinin           Teemu Hartikainen        40     1   2  2  

Penalty Kill 4 Players Defense
   Defense                  Defense                  Time % Phy DF OF 
 1 Yann Sauvé               Nick Leddy               60     1   2  2  
 2 Danny DeKeiser           Jonathan Blum            40     1   2  2  

Penalty Kill - 3 Players Forward 
   Forward                                           Time % Phy DF OF 
 1 Stephane Da Costa                                 60     1   2  2  
 2 Brock Trotter                                     40     1   2  2  

Penalty Kill - 3 Players Defense
   Defense                  Defense                  Time % Phy DF OF 
 1 Yann Sauvé               Nick Leddy               60     1   2  2  
 2 Danny DeKeiser           Jonathan Blum            40     1   2  2  

4 vs 4 Forward 
   Center                   Wing                     Time % Phy DF OF 
 1 Stephane Da Costa        Filip Forsberg           60     1   2  2  
 2 Drew Shore               Jason Zucker             40     1   2  2  

4 vs 4 Defense
   Defense                  Defense                  Time % Phy DF OF 
 1 Yann Sauvé               Nick Leddy               60     1   2  2  
 2 Danny DeKeiser           Jonathan Blum            40     1   2  2  

Last Minutes Offensive
   Center                   Left Wing                Right Wing               Defense                  Defense                  
   Stephane Da Costa        Filip Forsberg           Jason Akeson             Yann Sauvé               Nick Leddy               

Last Minutes Defensive
   Center                   Left Wing                Right Wing               Defense                  Defense                  
   Drew Shore               Filip Forsberg           Garnet Hathaway          Yann Sauvé               Danny DeKeiser           

Goaltenders
Starting : Corey Crawford           
Backup : Joonas Korpisalo         

Extra Forwards
Normal : Jason Zucker, Rickard Rakell, Teemu Hartikainen - PP : Jason Zucker, Rickard Rakell - PK : Teemu Hartikainen
Extra Defensemen
Normal : Ty Wishart, Slava Voynov, Danny DeKeiser - PP : Ty Wishart - PK : Slava Voynov, Danny DeKeiser
Penalty Shots
Jason Akeson, Jason Zucker, Nick Leddy, Filip Forsberg, Tyler Randell

Scratches
Andy Andreoff (Healthy), T.J. Tynan (Healthy), Ty Rattie (Healthy), Joey Laleggia (Healthy), Greg Pateryn (Lacerated Left Calf Injury)
Jack Campbell (Healthy)

Little Stars

5 vs 5 Forward 
   Center                   Left Wing                Right Wing               Time % Phy DF OF 
 1 Dana Tyrell              Shawn Matthias           Alex Chiasson            40     1   2  2  
 2 Mathieu Perreault        Jesse Joensuu            Jesper Fast              30     1   2  2  
 3 Daniel O'regan           Alexander Vasyunov       Nail Yakupov             20     1   2  2  
 4 Daniel Catenacci         Robert Klinkhammer       Scott Kosmachuck         10     1   2  2  

5 vs 5 Defense 
   Defense                  Defense                                           Time % Phy DF OF 
 1 Niklas Hjalmarsson       Phil Oreskovic                                    40     1   2  2  
 2 Andrej Sustr             Yannick Weber                                     30     1   2  2  
 3 Tyson Barrie             Tyler Wotherspoon                                 20     1   2  2  
 4 Niklas Hjalmarsson       Phil Oreskovic                                    10     1   2  2  

PowerPlay Forward 
   Center                   Left Wing                Right Wing               Time % Phy DF OF 
 1 Dana Tyrell              Shawn Matthias           Alex Chiasson            60     1   2  2  
 2 Mathieu Perreault        Jesse Joensuu            Jesper Fast              40     1   2  2  

PowerPlay Defense
   Defense                  Defense                                           Time % Phy DF OF 
 1 Niklas Hjalmarsson       Phil Oreskovic                                    60     1   2  2  
 2 Andrej Sustr             Yannick Weber                                     40     1   2  2  

Penalty Kill 4 Players Forward 
   Center                   Wing                     Time % Phy DF OF 
 1 Alex Chiasson            Shawn Matthias           60     1   2  2  
 2 Jesse Joensuu            Dana Tyrell              40     1   2  2  

Penalty Kill 4 Players Defense
   Defense                  Defense                  Time % Phy DF OF 
 1 Niklas Hjalmarsson       Phil Oreskovic           60     1   2  2  
 2 Andrej Sustr             Yannick Weber            40     1   2  2  

Penalty Kill - 3 Players Forward 
   Forward                                           Time % Phy DF OF 
 1 Alex Chiasson                                     60     1   2  2  
 2 Shawn Matthias                                    40     1   2  2  

Penalty Kill - 3 Players Defense
   Defense                  Defense                  Time % Phy DF OF 
 1 Niklas Hjalmarsson       Phil Oreskovic           60     1   2  2  
 2 Andrej Sustr             Yannick Weber            40     1   2  2  

4 vs 4 Forward 
   Center                   Wing                     Time % Phy DF OF 
 1 Alex Chiasson            Shawn Matthias           60     1   2  2  
 2 Jesse Joensuu            Dana Tyrell              40     1   2  2  

4 vs 4 Defense
   Defense                  Defense                  Time % Phy DF OF 
 1 Niklas Hjalmarsson       Phil Oreskovic           60     1   2  2  
 2 Andrej Sustr             Yannick Weber            40     1   2  2  

Last Minutes Offensive
   Center                   Left Wing                Right Wing               Defense                  Defense                  
   Dana Tyrell              Shawn Matthias           Alex Chiasson            Niklas Hjalmarsson       Phil Oreskovic           

Last Minutes Defensive
   Center                   Left Wing                Right Wing               Defense                  Defense                  
   Dana Tyrell              Shawn Matthias           Alex Chiasson            Niklas Hjalmarsson       Phil Oreskovic           

Goaltenders
Starting : Jhonas Enroth            
Backup : Peter Delmas             

Extra Forwards
Normal : Nail Yakupov, Alexander Vasyunov, Robert Klinkhammer - PP : Nail Yakupov, Alexander Vasyunov - PK : Robert Klinkhammer
Extra Defensemen
Normal : Tyson Barrie, Tyler Wotherspoon, Andrej Sustr - PP : Tyson Barrie - PK : Tyler Wotherspoon, Andrej Sustr
Penalty Shots
Alex Chiasson, Shawn Matthias, Jesse Joensuu, Dana Tyrell, Mathieu Perreault

Scratches
Michael Mersch (Healthy), Hugh Jessiman (Strained Left Knee Injury), Scott Harrington (Healthy), Reece Willcox (Healthy), Ville Pokka (Healthy)
Alexander Khokhlachev (Healthy), Anthony Camara (Healthy), Duncan Siemens (Healthy), Dillon Simpson (Healthy), Brian Flynn (Healthy)
Laurent Brossoit (Healthy), Anthony Stolarz (Healthy)

% Time on Ice - Sasquatch

Lines # - Real PCT - Wanted PCT - Time Play
Normal Forward
1 - 34% - 40% - 14:26
2 - 27% - 30% - 11:21
3 - 21% - 20% - 8:55
4 - 17% - 10% - 7:18
Normal Defense
1 - 40% - 40% - 16:55
2 - 31% - 30% - 13:02
3 - 23% - 20% - 9:45
4 - 5% - 10% - 2:18
PP Forward
1 - 57% - 60% - 4:38
2 - 43% - 40% - 3:27
PP Defense
1 - 62% - 60% - 4:59
2 - 38% - 40% - 3:06
PK Forward
1 - 71% - 60% - 7:02
2 - 29% - 40% - 2:53
PK Defense
1 - 60% - 60% - 5:59
2 - 40% - 40% - 3:56
PK3 Forward
1 - 0% - 60%
2 - 0% - 40%
PK3 Defense
1 - 0% - 60%
2 - 0% - 40%
44 Forward
1 - 0% - 60%
2 - 0% - 40%
44 Defense
1 - 0% - 60%
2 - 0% - 40%
Last Minute Offensive  - 0:00
Last Minute Defensive  - 0:00
Total
Forward - 60:00
Defense - 60:00

% Time on Ice - Little Stars

Lines # - Real PCT - Wanted PCT - Time Play
Normal Forward
1 - 34% - 40% - 14:14
2 - 24% - 30% - 10:07
3 - 22% - 20% - 9:22
4 - 20% - 10% - 8:17
Normal Defense
1 - 40% - 40% - 16:46
2 - 36% - 30% - 14:55
3 - 21% - 20% - 9:01
4 - 3% - 10% - 1:18
PP Forward
1 - 54% - 60% - 5:19
2 - 46% - 40% - 4:36
PP Defense
1 - 52% - 60% - 5:12
2 - 48% - 40% - 4:43
PK Forward
1 - 84% - 60% - 6:48
2 - 16% - 40% - 1:17
PK Defense
1 - 60% - 60% - 4:52
2 - 40% - 40% - 3:13
PK3 Forward
1 - 0% - 60%
2 - 0% - 40%
PK3 Defense
1 - 0% - 60%
2 - 0% - 40%
44 Forward
1 - 0% - 60%
2 - 0% - 40%
44 Defense
1 - 0% - 60%
2 - 0% - 40%
Last Minute Offensive  - 0:00
Last Minute Defensive  - 0:00
Total
Forward - 60:00
Defense - 60:00

Play by Play

1st period


0:01 of 1st period - Dana Tyrell wins face-off versus Drew Shore in neutral zone.
0:26 of 1st period - Jesse Joensuu is hit by Jason Zucker and loses puck.
0:37 of 1st period - Slapshot by Stephane Da Costa.
0:37 of 1st period - Stopped by Jhonas Enroth with a rebound.
1:11 of 1st period - Niklas Hjalmarsson is hit by Petr Straka and loses puck.
1:18 of 1st period - Daniel Catenacci is hit by Petr Straka.
1:34 of 1st period - Snap shot by Petr Straka.
1:34 of 1st period - Stopped by Jhonas Enroth with a rebound.
1:36 of 1st period - Wrist shot by Jason Akeson.
1:36 of 1st period - Stopped by Jhonas Enroth with a rebound.
1:38 of 1st period - Snap shot by Drew Shore.
1:38 of 1st period - Shot Misses the Net.
1:40 of 1st period - Snap shot by Ty Wishart.
1:40 of 1st period - Stopped by Jhonas Enroth with a rebound.
2:04 of 1st period - Slapshot by Jesse Joensuu.
2:04 of 1st period - Shot Misses the Net.
3:29 of 1st period - Nick Leddy is hit by Andrej Sustr and loses puck.
4:04 of 1st period - Drew Shore is hit by Nail Yakupov and loses puck.
4:21 of 1st period - Phil Oreskovic is hit by Yann Sauvé.
4:25 of 1st period - Petr Straka is hit by Andrej Sustr and loses puck.
4:45 of 1st period - Brock Trotter is hit by Daniel Catenacci and loses puck.
4:50 of 1st period - Slapshot by Yannick Weber.
4:50 of 1st period - Stopped by Corey Crawford without a rebound.
4:51 of 1st period - Alex Chiasson wins face-off versus Jason Akeson in Sasquatch zone.
5:58 of 1st period - Snap shot by Filip Forsberg.
5:58 of 1st period - Shot Misses the Net.
6:00 of 1st period - Slapshot by Jonathan Blum.
6:00 of 1st period - Stopped by Jhonas Enroth without a rebound.
6:01 of 1st period - Dana Tyrell wins face-off versus Jason Akeson in Little Stars zone.
6:28 of 1st period - Wrist shot by Drew Shore.
6:28 of 1st period - Goal by Drew Shore - Sasquatch : 1 - Little Stars : 0.
6:29 of 1st period - Dana Tyrell wins face-off versus Jason Zucker in neutral zone.
6:38 of 1st period - Snap shot by Alex Chiasson.
6:38 of 1st period - Stopped by Corey Crawford without a rebound.
6:39 of 1st period - Stephane Da Costa wins face-off versus Shawn Matthias in Sasquatch zone.
6:44 of 1st period - Wrist shot by Stephane Da Costa.
6:44 of 1st period - Shot Blocked by Dana Tyrell.
6:52 of 1st period - Snap shot by Alex Chiasson.
6:52 of 1st period - Stopped by Corey Crawford without a rebound.
6:53 of 1st period - Mathieu Perreault wins face-off versus Jason Akeson in Sasquatch zone.
7:18 of 1st period - Nick Leddy is hit by Dana Tyrell and loses puck.
7:27 of 1st period - Snap shot by Alex Chiasson.
7:27 of 1st period - Goal by Alex Chiasson - Sasquatch : 1 - Little Stars : 1.
7:28 of 1st period - Dana Tyrell wins face-off versus Drew Shore in neutral zone.
7:38 of 1st period - Wrist shot by Drew Shore.
7:38 of 1st period - Stopped by Jhonas Enroth with a rebound.
7:40 of 1st period - Snap shot by Drew Shore.
7:40 of 1st period - Stopped by Jhonas Enroth with a rebound.
7:54 of 1st period - Phil Oreskovic is hit by Garnet Hathaway and loses puck.
8:25 of 1st period - Slapshot by Yannick Weber.
8:25 of 1st period - Stopped by Corey Crawford without a rebound.
8:26 of 1st period - Dana Tyrell wins face-off versus Drew Shore in Sasquatch zone.
8:38 of 1st period - Drew Shore is hit by Shawn Matthias and loses puck.
8:51 of 1st period - Alexander Vasyunov is hit by Brock Trotter and loses puck.
9:00 of 1st period - Wrist shot by Petr Straka.
9:00 of 1st period - Shot Misses the Net.
9:16 of 1st period - Wrist shot by Robert Klinkhammer.
9:16 of 1st period - Shot Misses the Net.
9:24 of 1st period - Snap shot by Robert Klinkhammer.
9:24 of 1st period - Stopped by Corey Crawford without a rebound.
9:25 of 1st period - Mathieu Perreault wins face-off versus Drew Shore in Sasquatch zone.
9:34 of 1st period - Slapshot by Jesse Joensuu.
9:34 of 1st period - Shot Misses the Net.
9:51 of 1st period - Dana Tyrell is hit by Garnet Hathaway and loses puck.
10:38 of 1st period - Wrist shot by Brock Trotter.
10:38 of 1st period - Stopped by Jhonas Enroth without a rebound.
10:39 of 1st period - Dana Tyrell wins face-off versus Drew Shore in Little Stars zone.
10:44 of 1st period - Slapshot by Phil Oreskovic.
10:44 of 1st period - Shot Misses the Net.
10:46 of 1st period - Slapshot by Phil Oreskovic.
10:46 of 1st period - Shot Misses the Net.
11:35 of 1st period - Tyler Wotherspoon is hit by Teemu Hartikainen and loses puck.
11:48 of 1st period - Andrej Sustr is hit by Rickard Rakell and loses puck.
12:11 of 1st period - Yannick Weber is hit by Stephane Da Costa.
12:28 of 1st period - Wrist shot by Alex Chiasson.
12:28 of 1st period - Deflect By Shawn Matthias.
12:28 of 1st period - Stopped by Corey Crawford without a rebound.
12:29 of 1st period - Mathieu Perreault wins face-off versus Drew Shore in Sasquatch zone.
13:03 of 1st period - Wrist shot by Niklas Hjalmarsson.
13:03 of 1st period - Shot Blocked by Danny DeKeiser.
13:37 of 1st period - Slapshot by Jesper Fast.
13:37 of 1st period - Stopped by Corey Crawford with a rebound.
13:45 of 1st period - Backhand shot by Nick Leddy.
13:45 of 1st period - Shot Blocked by Tyson Barrie.
13:47 of 1st period - Slapshot by Nick Leddy.
13:47 of 1st period - Shot Blocked by Jesper Fast.
14:02 of 1st period - Snap shot by Alex Chiasson.
14:02 of 1st period - Shot Misses the Net.
14:30 of 1st period - Wrist shot by Drew Shore.
14:30 of 1st period - Stopped by Jhonas Enroth with a rebound.
14:32 of 1st period - Snap shot by Jason Akeson.
14:32 of 1st period - Stopped by Jhonas Enroth with a rebound.
14:48 of 1st period - Phil Oreskovic is hit by Stephane Da Costa.
15:26 of 1st period - Shawn Matthias is hit by Jonathan Blum and loses puck.
15:35 of 1st period - Yann Sauvé is hit by Tyson Barrie and loses puck.
15:54 of 1st period - Yannick Weber is hit by Garnet Hathaway and loses puck.
17:16 of 1st period - Icing by Danny DeKeiser.
17:17 of 1st period - Stephane Da Costa wins face-off versus Daniel O'regan in Sasquatch zone.
17:22 of 1st period - Wrist shot by Jason Zucker.
17:22 of 1st period - Goal by Jason Zucker - Sasquatch : 2 - Little Stars : 1.
17:23 of 1st period - Dana Tyrell wins face-off versus Drew Shore in neutral zone.
17:30 of 1st period - Wrist shot by Dana Tyrell.
17:30 of 1st period - Stopped by Corey Crawford without a rebound.
17:31 of 1st period - Drew Shore wins face-off versus Dana Tyrell in Sasquatch zone.
17:33 of 1st period - Minor Penalty to Jason Akeson for Close Hand On Puck.
17:34 of 1st period - Dana Tyrell wins face-off versus Drew Shore in Sasquatch zone.
17:36 of 1st period - Snap shot by Dana Tyrell.
17:36 of 1st period - Stopped by Corey Crawford without a rebound.
17:37 of 1st period - Dana Tyrell wins face-off versus Drew Shore in Sasquatch zone.
17:38 of 1st period - Slapshot by Shawn Matthias.
17:38 of 1st period - Shot Misses the Net.
17:40 of 1st period - Slapshot by Dana Tyrell.
17:40 of 1st period - Stopped by Corey Crawford with a rebound.
17:42 of 1st period - Slapshot by Phil Oreskovic.
17:42 of 1st period - Stopped by Corey Crawford without a rebound.
17:43 of 1st period - Drew Shore wins face-off versus Dana Tyrell in Sasquatch zone.
18:28 of 1st period - Snap shot by Jesse Joensuu.
18:28 of 1st period - Shot Misses the Net.
19:00 of 1st period - Slapshot by Rickard Rakell.
19:00 of 1st period - Deflect By Shawn Matthias.
19:00 of 1st period - Stopped by Jhonas Enroth with a rebound.
19:06 of 1st period - Wrist shot by Brock Trotter.
19:06 of 1st period - Stopped by Jhonas Enroth without a rebound.
19:07 of 1st period - Mathieu Perreault wins face-off versus Drew Shore in Little Stars zone.
19:33 of 1st period - Penalty to Jason Akeson is over, Jason Akeson is back on ice.
19:46 of 1st period - Slapshot by Nail Yakupov.
19:46 of 1st period - Shot Misses the Net.
19:48 of 1st period - Wrist shot by Alexander Vasyunov.
19:48 of 1st period - Stopped by Corey Crawford with a rebound.
19:50 of 1st period - Slapshot by Yannick Weber.
19:50 of 1st period - Deflect By Alexander Vasyunov.
19:50 of 1st period - Shot Misses the Net.
19:50 of 1st period - Puck is out of play.
19:51 of 1st period - Sergey Kalinin wins face-off versus Mathieu Perreault in Sasquatch zone.
Goals for this period are 2 for Sasquatch vs 1 for Little Stars.
Shots for this period are 14 for Sasquatch vs 13 for Little Stars.

2nd period


0:01 of 2nd period - Dana Tyrell wins face-off versus Drew Shore in neutral zone.
0:08 of 2nd period - Snap shot by Alex Chiasson.
0:08 of 2nd period - Shot Misses the Net.
0:33 of 2nd period - Snap shot by Stephane Da Costa.
0:33 of 2nd period - Shot Misses the Net.
0:35 of 2nd period - Slapshot by Jason Zucker.
0:35 of 2nd period - Goal by Jason Zucker - Sasquatch : 3 - Little Stars : 1.
0:36 of 2nd period - Drew Shore wins face-off versus Dana Tyrell in neutral zone.
0:42 of 2nd period - Minor Penalty to Alex Chiasson for Interference.
0:43 of 2nd period - Drew Shore wins face-off versus Robert Klinkhammer in Little Stars zone.
0:51 of 2nd period - Snap shot by Shawn Matthias.
0:51 of 2nd period - Deflect By Robert Klinkhammer.
0:51 of 2nd period - Shot Blocked by Yann Sauvé.
0:51 of 2nd period - Puck is out of play.
0:52 of 2nd period - Robert Klinkhammer wins face-off versus Drew Shore in Sasquatch zone.
1:09 of 2nd period - Phil Oreskovic is hit by Yann Sauvé and loses puck.
1:26 of 2nd period - Snap shot by Drew Shore.
1:26 of 2nd period - Stopped by Jhonas Enroth without a rebound.
1:27 of 2nd period - Petr Straka wins face-off versus Daniel O'regan in Little Stars zone.
1:32 of 2nd period - Snap shot by Jason Zucker.
1:32 of 2nd period - Stopped by Jhonas Enroth with a rebound.
2:42 of 2nd period - Penalty to Alex Chiasson is over, Alex Chiasson is back on ice.
3:28 of 2nd period - Daniel Catenacci is hit by Petr Straka and loses puck.
4:20 of 2nd period - Icing by Mathieu Perreault.
4:21 of 2nd period - Mathieu Perreault wins face-off versus Stephane Da Costa in Little Stars zone.
5:00 of 2nd period - Phil Oreskovic is hit by Drew Shore.
5:14 of 2nd period - Snap shot by Robert Klinkhammer.
5:14 of 2nd period - Stopped by Corey Crawford with a rebound.
5:16 of 2nd period - Slapshot by Phil Oreskovic.
5:16 of 2nd period - Stopped by Corey Crawford without a rebound.
5:17 of 2nd period - Daniel Catenacci wins face-off versus Stephane Da Costa in Sasquatch zone.
5:23 of 2nd period - Minor Penalty to Garnet Hathaway for Interference.
5:24 of 2nd period - Drew Shore wins face-off versus Dana Tyrell in Sasquatch zone.
5:24 of 2nd period - Drew Shore is hit by Yannick Weber.
6:09 of 2nd period - Off-side.
6:10 of 2nd period - Teemu Hartikainen wins face-off versus Mathieu Perreault in neutral zone.
7:23 of 2nd period - Penalty to Garnet Hathaway is over, Garnet Hathaway is back on ice.
8:00 of 2nd period - Snap shot by Teemu Hartikainen.
8:00 of 2nd period - Stopped by Jhonas Enroth without a rebound.
8:01 of 2nd period - Drew Shore wins face-off versus Daniel O'regan in Little Stars zone.
8:51 of 2nd period - Snap shot by Mathieu Perreault.
8:51 of 2nd period - Stopped by Corey Crawford without a rebound.
8:52 of 2nd period - Stephane Da Costa wins face-off versus Mathieu Perreault in Sasquatch zone.
9:34 of 2nd period - Minor Penalty to Alexander Vasyunov for High sticking.
9:35 of 2nd period - Alex Chiasson wins face-off versus Drew Shore in Little Stars zone.
10:05 of 2nd period - Slapshot by Jesse Joensuu.
10:05 of 2nd period - Shot Blocked by Nick Leddy.
10:11 of 2nd period - Wrist shot by Jesse Joensuu.
10:11 of 2nd period - Shot Misses the Net.
11:34 of 2nd period - Penalty to Alexander Vasyunov is over, Alexander Vasyunov is back on ice.
11:37 of 2nd period - Alexander Vasyunov is hit by Ty Wishart and loses puck.
11:53 of 2nd period - Slapshot by Tyson Barrie.
11:53 of 2nd period - Shot Blocked by Danny DeKeiser.
12:01 of 2nd period - Minor Penalty to Sergey Kalinin for Hooking.
12:02 of 2nd period - Drew Shore wins face-off versus Mathieu Perreault in Sasquatch zone.
12:02 of 2nd period - Drew Shore is hit by Niklas Hjalmarsson.
12:18 of 2nd period - Mathieu Perreault is hit by Drew Shore and loses puck.
14:01 of 2nd period - Penalty to Sergey Kalinin is over, Sergey Kalinin is back on ice.
14:02 of 2nd period - Off-side.
14:03 of 2nd period - Drew Shore wins face-off versus Daniel O'regan in neutral zone.
14:28 of 2nd period - Tyler Wotherspoon is hit by Brock Trotter.
15:29 of 2nd period - Minor Penalty to Yannick Weber for Checking from behind.
15:30 of 2nd period - Alex Chiasson wins face-off versus Drew Shore in Little Stars zone.
15:30 of 2nd period - Alex Chiasson is hit by Filip Forsberg.
15:56 of 2nd period - Shawn Matthias is hit by Jason Zucker and loses puck.
16:06 of 2nd period - Icing by Jason Zucker.
16:07 of 2nd period - Stephane Da Costa wins face-off versus Jesse Joensuu in Sasquatch zone.
17:29 of 2nd period - Penalty to Yannick Weber is over, Yannick Weber is back on ice.
17:34 of 2nd period - Alexander Vasyunov is hit by Tyler Randell and loses puck.
18:11 of 2nd period - Garnet Hathaway is hit by Phil Oreskovic and loses puck.
18:38 of 2nd period - Off-side.
18:39 of 2nd period - Daniel Catenacci wins face-off versus Drew Shore in neutral zone.
19:33 of 2nd period - Slapshot by Phil Oreskovic.
19:33 of 2nd period - Stopped by Corey Crawford with a rebound.
Goals for this period are 1 for Sasquatch vs 0 for Little Stars.
Shots for this period are 4 for Sasquatch vs 4 for Little Stars.

3rd period


0:01 of 3rd period - Drew Shore wins face-off versus Dana Tyrell in neutral zone.
0:14 of 3rd period - Wrist shot by Drew Shore.
0:14 of 3rd period - Stopped by Jhonas Enroth with a rebound.
0:16 of 3rd period - Slapshot by Nick Leddy.
0:16 of 3rd period - Deflect By Dana Tyrell.
0:16 of 3rd period - Stopped by Jhonas Enroth without a rebound.
0:17 of 3rd period - Stephane Da Costa wins face-off versus Jesse Joensuu in Little Stars zone.
0:20 of 3rd period - Snap shot by Jason Zucker.
0:20 of 3rd period - Shot Misses the Net.
0:22 of 3rd period - Slapshot by Nick Leddy.
0:22 of 3rd period - Shot Misses the Net.
0:24 of 3rd period - Slapshot by Yann Sauvé.
0:24 of 3rd period - Shot Blocked by Mathieu Perreault.
0:47 of 3rd period - Snap shot by Filip Forsberg.
0:47 of 3rd period - Stopped by Jhonas Enroth with a rebound.
0:52 of 3rd period - Yannick Weber is hit by Drew Shore and loses puck.
1:05 of 3rd period - Slapshot by Brock Trotter.
1:05 of 3rd period - Shot Misses the Net.
1:44 of 3rd period - Off-side.
1:45 of 3rd period - Jesse Joensuu wins face-off versus Stephane Da Costa in neutral zone.
1:54 of 3rd period - Snap shot by Jesper Fast.
1:54 of 3rd period - Shot Misses the Net.
1:59 of 3rd period - Jonathan Blum is hit by Jesse Joensuu.
2:15 of 3rd period - Slapshot by Jonathan Blum.
2:15 of 3rd period - Stopped by Jhonas Enroth with a rebound.
3:06 of 3rd period - Icing by Daniel Catenacci.
3:07 of 3rd period - Drew Shore wins face-off versus Daniel Catenacci in Little Stars zone.
3:16 of 3rd period - Snap shot by Andrej Sustr.
3:16 of 3rd period - Deflect By Daniel Catenacci.
3:16 of 3rd period - Shot Misses the Net.
3:16 of 3rd period - Puck is out of play.
3:17 of 3rd period - Drew Shore wins face-off versus Dana Tyrell in Sasquatch zone.
3:17 of 3rd period - Drew Shore is hit by Dana Tyrell.
3:33 of 3rd period - Snap shot by Filip Forsberg.
3:33 of 3rd period - Shot Misses the Net.
3:51 of 3rd period - Minor Penalty to Yann Sauvé for High sticking.
3:52 of 3rd period - Drew Shore wins face-off versus Mathieu Perreault in Sasquatch zone.
4:17 of 3rd period - Slava Voynov is hit by Alex Chiasson and loses puck.
4:24 of 3rd period - Slapshot by Alex Chiasson.
4:24 of 3rd period - Shot Blocked by Garnet Hathaway.
5:51 of 3rd period - Penalty to Yann Sauvé is over, Yann Sauvé is back on ice.
6:43 of 3rd period - Minor Penalty to Jason Zucker for Roughing.
6:44 of 3rd period - Mathieu Perreault wins face-off versus Drew Shore in Sasquatch zone.
7:29 of 3rd period - Nick Leddy is hit by Alex Chiasson.
7:52 of 3rd period - Icing by Jesper Fast.
7:53 of 3rd period - Mathieu Perreault wins face-off versus Sergey Kalinin in Little Stars zone.
7:53 of 3rd period - Mathieu Perreault is hit by Sergey Kalinin.
8:43 of 3rd period - Penalty to Jason Zucker is over, Jason Zucker is back on ice.
8:47 of 3rd period - Slapshot by Yann Sauvé.
8:47 of 3rd period - Stopped by Jhonas Enroth with a rebound.
8:53 of 3rd period - Jason Zucker is hit by Niklas Hjalmarsson and loses puck.
8:58 of 3rd period - Wrist shot by Nail Yakupov.
8:58 of 3rd period - Stopped by Corey Crawford with a rebound.
9:14 of 3rd period - Wrist shot by Robert Klinkhammer.
9:14 of 3rd period - Stopped by Corey Crawford without a rebound.
9:15 of 3rd period - Robert Klinkhammer wins face-off versus Drew Shore in Sasquatch zone.
9:24 of 3rd period - Wrist shot by Drew Shore.
9:24 of 3rd period - Shot Blocked by Tyler Wotherspoon.
9:26 of 3rd period - Wrist shot by Drew Shore.
9:26 of 3rd period - Deflect By Jason Akeson.
9:26 of 3rd period - Stopped by Jhonas Enroth with a rebound.
9:44 of 3rd period - Off-side.
9:45 of 3rd period - Dana Tyrell wins face-off versus Stephane Da Costa in neutral zone.
10:11 of 3rd period - Off-side.
10:12 of 3rd period - Mathieu Perreault wins face-off versus Drew Shore in neutral zone.
10:25 of 3rd period - Snap shot by Jesse Joensuu.
10:25 of 3rd period - Stopped by Corey Crawford with a rebound.
10:57 of 3rd period - Slapshot by Petr Straka.
10:57 of 3rd period - Stopped by Jhonas Enroth without a rebound.
10:58 of 3rd period - Daniel O'regan wins face-off versus Rickard Rakell in Little Stars zone.
11:03 of 3rd period - Rickard Rakell is hit by Yannick Weber and loses puck.
11:12 of 3rd period - Daniel O'regan is hit by Yann Sauvé.
11:23 of 3rd period - Andrej Sustr is hit by Rickard Rakell and loses puck.
11:50 of 3rd period - Slapshot by Andrej Sustr.
11:50 of 3rd period - Stopped by Corey Crawford without a rebound.
11:51 of 3rd period - Dana Tyrell wins face-off versus Drew Shore in Sasquatch zone.
12:09 of 3rd period - Minor Penalty to Alex Chiasson for Holding.
12:10 of 3rd period - Drew Shore wins face-off versus Robert Klinkhammer in Little Stars zone.
12:12 of 3rd period - Wrist shot by Filip Forsberg.
12:12 of 3rd period - Deflect By Jason Akeson.
12:12 of 3rd period - Deflect By Shawn Matthias.
12:12 of 3rd period - Shot Blocked by Shawn Matthias.
12:12 of 3rd period - Puck is out of play.
12:13 of 3rd period - Drew Shore wins face-off versus Robert Klinkhammer in Little Stars zone.
12:14 of 3rd period - Backhand shot by Filip Forsberg.
12:14 of 3rd period - Shot Misses the Net.
12:16 of 3rd period - Slapshot by Nick Leddy.
12:16 of 3rd period - Stopped by Jhonas Enroth with a rebound.
12:18 of 3rd period - Wrist shot by Nick Leddy.
12:18 of 3rd period - Deflect By Phil Oreskovic.
12:18 of 3rd period - Goal by Nick Leddy - Sasquatch : 4 - Little Stars : 1.
12:19 of 3rd period - Dana Tyrell wins face-off versus Jason Akeson in neutral zone.
12:27 of 3rd period - Snap shot by Filip Forsberg.
12:27 of 3rd period - Shot Misses the Net.
12:33 of 3rd period - Slapshot by Shawn Matthias.
12:33 of 3rd period - Shot Misses the Net.
12:35 of 3rd period - Wrist shot by Alex Chiasson.
12:35 of 3rd period - Shot Misses the Net.
12:45 of 3rd period - Filip Forsberg is hit by Nail Yakupov and loses puck.
12:50 of 3rd period - Snap shot by Yannick Weber.
12:50 of 3rd period - Deflect By Filip Forsberg.
12:50 of 3rd period - Stopped by Corey Crawford without a rebound.
12:51 of 3rd period - Daniel O'regan wins face-off versus Stephane Da Costa in Sasquatch zone.
13:17 of 3rd period - Shawn Matthias is hit by Danny DeKeiser and loses puck.
13:42 of 3rd period - Slapshot by Mathieu Perreault.
13:42 of 3rd period - Shot Misses the Net.
14:04 of 3rd period - Wrist shot by Filip Forsberg.
14:04 of 3rd period - Stopped by Jhonas Enroth without a rebound.
14:05 of 3rd period - Drew Shore wins face-off versus Alex Chiasson in Little Stars zone.
14:09 of 3rd period - Minor Penalty to Alex Chiasson for Hooking.
14:10 of 3rd period - Filip Forsberg wins face-off versus Robert Klinkhammer in Little Stars zone.
14:10 of 3rd period - Wrist shot by Drew Shore.
14:10 of 3rd period - Deflect By Jason Akeson.
14:10 of 3rd period - Stopped by Jhonas Enroth with a rebound.
14:12 of 3rd period - Snap shot by Nick Leddy.
14:12 of 3rd period - Stopped by Jhonas Enroth without a rebound.
14:13 of 3rd period - Robert Klinkhammer wins face-off versus Drew Shore in Little Stars zone.
15:06 of 3rd period - Icing by Drew Shore.
15:07 of 3rd period - Drew Shore wins face-off versus Shawn Matthias in Sasquatch zone.
15:48 of 3rd period - Daniel O'regan is hit by Jason Akeson and loses puck.
16:09 of 3rd period - Penalty to Alex Chiasson is over, Alex Chiasson is back on ice.
16:25 of 3rd period - Wrist shot by Teemu Hartikainen.
16:25 of 3rd period - Stopped by Jhonas Enroth with a rebound.
16:27 of 3rd period - Slapshot by Danny DeKeiser.
16:27 of 3rd period - Stopped by Jhonas Enroth with a rebound.
16:43 of 3rd period - Brock Trotter is hit by Mathieu Perreault and loses puck.
17:06 of 3rd period - Slapshot by Stephane Da Costa.
17:06 of 3rd period - Stopped by Jhonas Enroth without a rebound.
17:07 of 3rd period - Stephane Da Costa wins face-off versus Dana Tyrell in Little Stars zone.
18:09 of 3rd period - Snap shot by Garnet Hathaway.
18:09 of 3rd period - Shot Misses the Net.
18:15 of 3rd period - Snap shot by Stephane Da Costa.
18:15 of 3rd period - Shot Misses the Net.
18:17 of 3rd period - Slapshot by Nick Leddy.
18:17 of 3rd period - Stopped by Jhonas Enroth without a rebound.
18:18 of 3rd period - Dana Tyrell wins face-off versus Drew Shore in Little Stars zone.
18:37 of 3rd period - Icing by Drew Shore.
18:38 of 3rd period - Mathieu Perreault wins face-off versus Drew Shore in Sasquatch zone.
18:39 of 3rd period - Wrist shot by Jesse Joensuu.
18:39 of 3rd period - Shot Misses the Net.
18:51 of 3rd period - Snap shot by Filip Forsberg.
18:51 of 3rd period - Shot Misses the Net.
18:53 of 3rd period - Snap shot by Filip Forsberg.
18:53 of 3rd period - Shot Misses the Net.
19:29 of 3rd period - Slapshot by Jonathan Blum.
19:29 of 3rd period - Stopped by Jhonas Enroth with a rebound.
19:31 of 3rd period - Wrist shot by Jason Akeson.
19:31 of 3rd period - Stopped by Jhonas Enroth without a rebound.
19:32 of 3rd period - Dana Tyrell wins face-off versus Rickard Rakell in Little Stars zone.
19:46 of 3rd period - Icing by Nick Leddy.
19:47 of 3rd period - Dana Tyrell wins face-off versus Rickard Rakell in Sasquatch zone.
Goals for this period are 1 for Sasquatch vs 0 for Little Stars.
Shots for this period are 18 for Sasquatch vs 5 for Little Stars.